 Dungeon Crawl Stone Soup version 0.18.1-5-g4a78601 (webtiles) character file.

16 SkaryMonk the Cutter (level 2, -1/19 HPs)
             Began as a Halfling Warper on May 11, 2016.
             Slain by a gnoll
             ... wielding a +0 spear
              (2 damage)
             ... on level 1 of the Dungeon.
             The game lasted 00:02:25 (329 turns).

SkaryMonk the Cutter (Halfling Warper)               Turns: 329, Time: 00:02:26

Health: -1/19      AC:  3    Str: 11    XL:     2   Next: 75%
Magic:  4/4        EV: 14    Int: 12    God:
Gold:   0          SH:  0    Dex: 13    Spells: 1 memorised, 3 levels left

rFire  . . .     SeeInvis .     a - +0 short sword
rCold  . . .     Gourm    .     b - +0 leather armour
rNeg   . . .     Faith    .     (shield restricted)
rPois  .         Spirit   .     (no helmet)
rElec  .         Dismiss  .     (no cloak)
rCorr  .         Reflect  .     (no gloves)
SustAt .         Harm     .     (no boots)
MR     .....                    (no amulet)
Stlth  +.........               (no ring)
                                (no ring)

@: not resistant to hostile enchantments, very unstealthy
A: mutation resistance 1
a: no special abilities


You were on level 1 of the Dungeon.
You were not hungry.

You visited 1 branch of the dungeon, and saw 1 of its levels.

Notes
Turn   | Place    | Note
--------------------------------------------------------------
     0 | D:1      | SkaryMonk the Halfling Warper began the quest for the Orb.
     0 | D:1      | Reached XP level 1. HP: 14/14 MP: 3/3
    38 | D:1      | Reached skill level 3 in Short Blades
   112 | D:1      | Reached XP level 2. HP: 18/19 MP: 2/4
   253 | D:1      | Reached skill level 4 in Short Blades
   329 | D:1      | Slain by a gnoll

Inventory:

Hand Weapons
 a - a +0 short sword (weapon)
Missiles
 e - 5 tomahawks of dispersal (quivered)
Armour
 b - a +0 leather armour (worn)
 h - a +0 ring mail
Scrolls
 d - a scroll of blinking
 i - a scroll of remove curse {unknown}
 j - a scroll of amnesia {unknown}
Books
 c - a book of Spatial Translocations

   Spells                             Type                      Level
   a - Apportation                    Translocation                1
   b - Blink                          Translocation                2
   c - Shroud of Golubria             Charms/Translocation         2
   d - Portal Projectile              Translocation                3
   e - Teleport Other                 Translocation                3
   f - Passage of Golubria            Translocation                4
Comestibles
 f - 2 bread rations
 g - 4 chunks of flesh

Table legend:
 A = Turns spent in this place as a percentage of turns spent in the entire game.
 B = Non-inter-level travel turns spent in this place as a percentage of non-inter-level travel turns spent in the entire game.
 C = Inter-level travel turns spent in this place as a percentage of turns spent in this place.
 D = Turns resting spent in this place as a percentage of non-inter-level travel turns spent in this place.
 E = Turns spent auto-exploring this place as a percentage of non-inter-level travel turns spent in this place.
 F = Non-inter-level travel turns spent in this place divided by the number of levels of this place that you've seen.
                   A       B       C       D       E      F
               +-------+-------+-------+-------+-------+----------------------
         Total | 100.0 | 100.0 |   0.0 |   2.0 |   6.6 | 197.0
       Dungeon | 100.0 | 100.0 |   0.0 |   2.0 |   6.6 | 197.0
               +-------+-------+-------+-------+-------+----------------------


   Skills:
 - Level 1.7 Fighting
 + Level 4.0 Short Blades
 - Level 1.1 Throwing
 - Level 1.1 Armour
 - Level 2.1 Dodging
 - Level 1.5 Spellcasting
 - Level 3.3 Translocations


You had 3 spell levels left.
You knew the following spells:

 Your Spells              Type           Power        Failure   Level  Hunger
a - Apportation           Tloc           #.........   12%         1    ##.....


Dungeon Overview and Level Annotations

Branches:
Dungeon (1/15)

Altars:


Innate Abilities, Weirdness & Mutations

You are small and have problems with some larger weapons.
You are somewhat resistant to further mutation.


Message History

The giant newt misses you.
You barely miss the giant newt. The giant newt bites you.
The gnoll barely misses you.
You closely miss the giant newt. The giant newt bites you.
The gnoll barely misses you.
You miss the giant newt. The giant newt closely misses you.
The gnoll hits you from afar with a spear!
You hit the giant newt.
You kill the giant newt!
You closely miss the kobold.
The gnoll hits you from afar with a spear!
* * * LOW HITPOINT WARNING * * *
The kobold closely misses you.
You hit the kobold.
The kobold is severely wounded.
The gnoll barely misses you. The kobold barely misses you.
You closely miss the kobold.
The kobold is severely wounded.
The gnoll hits you from afar with a spear.
You die...

#............
#......K.... #
#........[.
#.####....#####
#...##.###...P##
#......###.P.P.P
##.##.gg...#
##K##..# #@##..#
#.##..# #g###.#
#.# #.#### ..#
#.##.# .##
#....### ..
##.....#### .#
#.###....## ..
#.# ####..###


You could see a gnoll, 2 goblins and a kobold.

Table legend:
 A = Kills in this place as a percentage of kills in entire the game.
 B = Kills by you in this place as a percentage of kills by you in the entire game.
 C = Kills by friends in this place as a percentage of kills by friends in the entire game.
 D = Other kills in this place as a percentage of other kills in the entire game.
 E = Experience gained in this place as a percentage of experience gained in the entire game.
 F = Experience gained in this place divided by the number of levels of this place that you have seen.
                   A       B       C       D       E      F
               +-------+-------+-------+-------+-------+----------------------
         Total | 100.0 | 100.0 |  -nan |  -nan | 100.0 |  24.0
       Dungeon | 100.0 | 100.0 |  -nan |  -nan | 100.0 |  24.0
               +-------+-------+-------+-------+-------+----------------------

Vanquished Creatures
  6 giant cockroaches (D:1)
  A goblin (D:1)
  A hobgoblin (D:1)
  3 bats (D:1)
  2 giant newts (D:1)
  2 rats (D:1)
15 creatures vanquished.

Action                   || total
-------------------------++-------
Melee: Short sword       ||    71
 Cast: Apportation       ||     3
Armor: Leather armour    ||    13
Dodge: Dodged            ||    55

Vault maps used:
D:1:      minmay_arrival_up_and_down, kennysheep_decorative_pillar,
          minmay_lizard_king
